 Dungeon Crawl Stone Soup version 0.29.0-4-gdea44cf6ec (webtiles) character file.

Game seed: 6119167135840069819

830 qw the Cleaver (level 7, -6/91 HPs)
             Began as a Minotaur Berserker on Sept 10, 2022.
             Was a Believer of Trog.
             Mangled by a killer bee (7 damage)
             ... on level 5 of the Dungeon.
             The game lasted 00:01:44 (5634 turns).

qw the Cleaver (Minotaur Berserker)                 Turns: 5634, Time: 00:01:45

Health: -6/91      AC: 12    Str: 23    XL:     7   Next: 65%
Magic:  6/6        EV:  7    Int:  4    God:    Trog [**....]
Gold:   339        SH:  0    Dex: 10    Spells: 6/6 levels left

rFire   . . .      SeeInvis .   Y - +0 hand axe
rCold   . . .      Faith    .   (no shield)
rNeg    . . .      Spirit   .   j - +1 plate armour
rPois   .          Reflect  .   (helmet restricted)
rElec   .          Harm     .   i - scarf {repulsion}
rCorr   .          Rampage  .   (no gloves)
Will    .....                   (no boots)
Stlth   ..........              (no amulet)
HPRegen 0.25/turn               (no ring)
MPRegen 0.10/turn               (no ring)

@: berserking, lethally poisoned (-6 -> -17), repel missiles, very quick
A: horns 2, retaliatory headbutt
a: Renounce Religion, Berserk, Trog's Hand


You were on level 5 of the Dungeon.
You worshipped Trog.
Trog was pleased with you.
You visited 1 branch of the dungeon, and saw 5 of its levels.

You collected 339 gold pieces.


Innate Abilities, Weirdness & Mutations

You have a pair of horns on your head.
You reflexively headbutt those who attack you in melee.


   Skills:
 - Level 5.1 Fighting
 + Level 9.5 Axes
 - Level 2.4 Throwing
 - Level 3.4 Armour
 - Level 2.1 Dodging


You had 6 spell levels left.
You didn't know any spells.
Your spell library was empty.

Inventory:

Hand Weapons
 c - a +0 flail
 Y - a +0 hand axe (weapon)
Armour
 f - a +0 cloak
 i - a scarf of repulsion (worn)
 j - a +1 plate armour (worn)
Scrolls
 a - 2 scrolls of identify
 b - a scroll of amnesia {unknown}
 d - a scroll of poison {unknown}
 g - 2 scrolls of teleportation
Potions
 e - 2 potions of curing
 h - a potion of flight {unknown}
 k - a potion of lignification {unknown}
 l - a potion of cancellation {unknown}
 m - 3 potions of haste

Dungeon Overview and Level Annotations

Branches:
Dungeon (5/15)             Temple (0/1) D:4

Altars:

Annotations:
D:4 Grinder


Message History

The killer bee stings you. x2
You are more poisoned.
The killer bee poisons you! The killer bee stings you.
The killer bee closely misses you.
5630 ||| INVOKING Berserk.
A red film seems to cover your vision as you go berserk!
You feel yourself moving faster!
You feel mighty!
You feel very sick. The killer bee stings you!
The killer bee closely misses you. The killer bee barely misses you.
The killer bee stings you but does no damage.
The killer bee stings you! The killer bee stings you.
You closely miss the killer bee.
The killer bee is heavily wounded.
You barely miss the killer bee. You slash the killer bee!
You feel sick. The killer bee closely misses you.
The killer bee stings you but does no damage.
The killer bee barely misses you.
You closely miss the killer bee.
The killer bee is heavily wounded.
You hit the killer bee. You miss the killer bee.
You feel sick.
The killer bee stings you but does no damage. x2
The killer bee barely misses you.
You barely miss the killer bee.
The killer bee is heavily wounded.
You closely miss the killer bee. You slash the killer bee!
You kill the killer bee!
Trog accepts your kill.
You feel sick.
The killer bee stings you but does no damage.
The killer bee stings you!
You hit the killer bee. Your headbutt misses the killer bee.
The killer bee is severely wounded.
You closely miss the killer bee. x2
You feel sick. The killer bee stings you!
You are more poisoned.
The killer bee poisons you! The killer bee stings you.
The killer bee stings you!
You die...

.>....'......#
###..##.(....#..(..#
######.......#.....#
.....#.......#.....#
.....#.......#.....#
.....+.......#.....
.....#.......# ...
######.......###y####
.......#####...y@y..#
.......#...#........#
.......'...#........#
.......#...'........#
.......#...#.)......#
.......#...#........#
......(#...##########
.......#...>
.......#....#


You could see 3 killer bees.

Vanquished Creatures
  2 water moccasins (D:5)
  An ice beast (D:5)
  A phantom (D:4)
  A necrophage (D:4)
  2 scorpions (D:5)
  A killer bee (D:5)
  An orc priest (D:3)
  An orc wizard (D:3)
  7 adders
  A shadow imp (D:5)
  An ufetubus (D:5)
  2 worms
  2 dart slugs (D:4)
  5 orcs
  3 ball pythons
  10 endoplasms
  9 giant cockroaches
  8 goblins
  8 hobgoblins
  7 jackals
  10 quokkas
  6 bats
  6 frilled lizards
  6 kobolds
  2 rats
103 creatures vanquished.

Vanquished Creatures (others)
  A withered plant (D:1)
1 creature vanquished.

Grand Total: 104 creatures vanquished

Notes
Turn   | Place    | Note
-------+----------+-------------------------------------------
     0 | D:1      | qw the Minotaur Berserker began the quest for the Orb.
     0 | D:1      | Reached XP level 1. HP: 19/19 MP: 0/0
     0 | D:1      | 0 ||| qw: Version: 0.1-a-113-g051387a
     0 | D:1      | 0 ||| qw: Game counter: 7386
     0 | D:1      | 0 ||| qw: Always use a shield: true
     0 | D:1      | 0 ||| qw: Do Orc after D:15 true
     0 | D:1      | 0 ||| qw: Do second Lair branch before Depths: true
     0 | D:1      | 0 ||| qw: Lair rune preference: random
     0 | D:1      | 0 ||| qw: Plans: Normal
     0 | D:1      | 0 ||| PLANNING D:1-11
    22 | D:1      | 22 ||| Stepping ~*~*~tactically~*~*~ (stealth).
    32 | D:1      | 32 ||| Stepping ~*~*~tactically~*~*~ (stealth).
    33 | D:1      | 33 ||| Stepping ~*~*~tactically~*~*~ (stealth).
    42 | D:1      | Reached skill level 4 in Axes
    48 | D:1      | 48 ||| Stepping ~*~*~tactically~*~*~ (stealth).
    68 | D:1      | 68 ||| Stepping ~*~*~tactically~*~*~ (stealth).
    70 | D:1      | 70 ||| Stepping ~*~*~tactically~*~*~ (stealth).
    78 | D:1      | 78 ||| Stepping ~*~*~tactically~*~*~ (stealth).
    80 | D:1      | 80 ||| Stepping ~*~*~tactically~*~*~ (stealth).
    82 | D:1      | 82 ||| Stepping ~*~*~tactically~*~*~ (stealth).
    83 | D:1      | 83 ||| Stepping ~*~*~tactically~*~*~ (stealth).
    88 | D:1      | Reached XP level 2. HP: 16/26 MP: 1/1
   288 | D:1      | Found a faded altar of an unknown god.
   294 | D:1      | 294 ||| Stepping ~*~*~tactically~*~*~ (stealth).
   295 | D:1      | 295 ||| Stepping ~*~*~tactically~*~*~ (stealth).
   296 | D:1      | 296 ||| Stepping ~*~*~tactically~*~*~ (stealth).
   297 | D:1      | 297 ||| Stepping ~*~*~tactically~*~*~ (stealth).
   300 | D:1      | 300 ||| Stepping ~*~*~tactically~*~*~ (stealth).
   598 | D:1      | Reached ** piety under Trog
   599 | D:1      | Reached skill level 5 in Axes
   817 | D:1      | Reached XP level 3. HP: 31/31 MP: 2/2
   853 | D:1      | 853 ||| DROPPING ring of flight.
   854 | D:1      | 854 ||| READING 4 scrolls labelled PEUSHI DUMPEA.
   855 | D:1      | 855 ||| READING 2 scrolls labelled DYLEEHAYWI.
   860 | D:1      | 860 ||| READING 3 scrolls of identify.
   860 | D:1      | 860 ||| IDENTIFYING emerald potion
   861 | D:1      | 861 ||| READING 2 scrolls of identify.
   861 | D:1      | 861 ||| IDENTIFYING sedimented grey potion
   862 | D:1      | 862 ||| DROPPING potion of magic.
   871 | D:2      | 871 ||| STAIRDANCE
   908 | D:2      | 908 ||| INVOKING Berserk.
   930 | D:2      | 930 ||| STAIRDANCE
  1090 | D:2      | 1090 ||| Stepping ~*~*~tactically~*~*~ (stealth).
  1106 | D:2      | 1106 ||| Stepping ~*~*~tactically~*~*~ (stealth).
  1140 | D:2      | 1140 ||| Stepping ~*~*~tactically~*~*~ (stealth).
  1226 | D:2      | 1226 ||| DROPPING +0 whip.
  1230 | D:2      | 1230 ||| Stepping ~*~*~tactically~*~*~ (stealth).
  1296 | D:2      | 1296 ||| Stepping ~*~*~tactically~*~*~ (stealth).
  1298 | D:2      | 1298 ||| Stepping ~*~*~tactically~*~*~ (stealth).
  1365 | D:2      | 1365 ||| Stepping ~*~*~tactically~*~*~ (stealth).
  1435 | D:2      | 1435 ||| Stepping ~*~*~tactically~*~*~ (stealth).
  2056 | D:2      | 2056 ||| UPGRADING to +0 cloak.
  2061 | D:2      | 2061 ||| READING 2 scrolls labelled BOCHACWIUMO.
  2062 | D:2      | 2062 ||| READING scroll labelled GUONENG DEDGH.
  2063 | D:2      | 2063 ||| READING 3 scrolls of identify.
  2063 | D:2      | 2063 ||| IDENTIFYING lumpy grey potion
  2064 | D:2      | 2064 ||| READING 2 scrolls of identify.
  2064 | D:2      | 2064 ||| IDENTIFYING silvery potion
  2065 | D:2      | 2065 ||| DROPPING scroll of noise.
  2066 | D:2      | 2066 ||| DROPPING potion of brilliance.
  2067 | D:2      | 2067 ||| DROPPING potion of invisibility.
  2094 | D:3      | Reached XP level 4. HP: 39/39 MP: 3/3
  2103 | D:3      | 2103 ||| FLEEEEING.
  2104 | D:3      | 2104 ||| FLEEEEING.
  2105 | D:3      | 2105 ||| STAIRDANCE
  2133 | D:3      | Reached skill level 6 in Axes
  2148 | D:3      | 2148 ||| Stepping ~*~*~tactically~*~*~ (stealth).
  2149 | D:3      | 2149 ||| Stepping ~*~*~tactically~*~*~ (stealth).
  2151 | D:3      | 2151 ||| Stepping ~*~*~tactically~*~*~ (stealth).
  2152 | D:3      | 2152 ||| Stepping ~*~*~tactically~*~*~ (stealth).
  2228 | D:3      | 2228 ||| Stepping ~*~*~tactically~*~*~ (hiding).
  2231 | D:3      | 2231 ||| INVOKING Berserk.
  2241 | D:3      | Reached XP level 5. HP: 45/45 MP: 4/4
  2310 | D:3      | 2310 ||| DROPPING +1 whip of venom.
  2321 | D:3      | Reached skill level 7 in Axes
  2576 | D:3      | 2576 ||| Stepping ~*~*~tactically~*~*~ (stealth).
  2577 | D:3      | 2577 ||| Stepping ~*~*~tactically~*~*~ (stealth).
  3026 | D:3      | 3026 ||| Stepping ~*~*~tactically~*~*~ (stealth).
  3030 | D:3      | 3030 ||| Stepping ~*~*~tactically~*~*~ (stealth).
  3123 | D:3      | 3123 ||| UPGRADING to +0 leather armour.
  3133 | D:3      | 3133 ||| DROPPING +0 animal skin.
  3134 | D:3      | 3134 ||| UPGRADING to scarf of repulsion.
  3144 | D:3      | 3144 ||| DROPPING amulet of faith.
  3145 | D:3      | 3145 ||| READING scroll labelled HIRUWITISH.
  3146 | D:3      | 3146 ||| READING scroll labelled QUUPRY CESUAX.
  3147 | D:3      | 3147 ||| READING scroll labelled FOIRIROVAMP.
  3289 | D:3      | 3289 ||| READING 2 scrolls of identify.
  3289 | D:3      | 3289 ||| IDENTIFYING brown potion
  3290 | D:3      | 3290 ||| DROPPING potion of attraction.
  3295 | D:4      | 3295 ||| PLANNING SEWER
  3356 | D:4      | 3356 ||| Stepping ~*~*~tactically~*~*~ (stealth).
  3403 | D:4      | Noticed a phantom
  3414 | D:4      | Killed a phantom
  3590 | D:4      | 3590 ||| Stepping ~*~*~tactically~*~*~ (stealth).
  3606 | D:4      | Reached *** piety under Trog
  3639 | D:4      | Reached XP level 6. HP: 44/52 MP: 5/5
  3695 | D:4      | Found a staircase to the Ecumenical Temple.
  3710 | D:4      | 3710 ||| Stepping ~*~*~tactically~*~*~ (hiding).
  3711 | D:4      | 3711 ||| Stepping ~*~*~tactically~*~*~ (hiding).
  3757 | D:4      | Noticed Grinder
  3758 | D:4      | 3758 ||| Stepping ~*~*~tactically~*~*~ (hiding).
  3762 | D:4      | 3762 ||| INVOKING Trog's Hand.
  3763 | D:4      | 3763 ||| INVOKING Berserk.
  3774 | D:4      | 3774 ||| Stepping ~*~*~tactically~*~*~ (hiding).
  3776 | D:4      | 3776 ||| INVOKING Trog's Hand.
  3786 | D:4      | HP: 10/52 [Grinder (5)]
  3787 | D:4      | 3787 ||| READING 2 scrolls of teleportation.
  4039 | D:4      | 4039 ||| RIP SEWER
  4055 | D:4      | 4055 ||| PLANNING D:1-11
  4488 | D:4      | 4488 ||| UPGRADING to +0 scale mail.
  4498 | D:4      | 4498 ||| DROPPING +0 leather armour.
  4499 | D:4      | 4499 ||| UPGRADING to +0 plate armour.
  4509 | D:4      | 4509 ||| DROPPING +0 scale mail.
  4541 | D:5      | Entered Level 5 of the Dungeon
  4570 | D:5      | Reached skill level 3 in Armour
  4780 | D:5      | Reached skill level 8 in Axes
  4906 | D:5      | Noticed a water moccasin
  4921 | D:5      | 4921 ||| INVOKING Berserk.
  4925 | D:5      | Killed a water moccasin
  4926 | D:5      | Reached XP level 7. HP: 38/59 MP: 6/6
  5110 | D:5      | Reached skill level 9 in Axes
  5113 | D:5      | HP: 13/59 [poisoned by a water moccasin]
  5117 | D:5      | HP: 6/59 [poisoned by a water moccasin]
  5617 | D:5      | 5617 ||| READING scroll of enchant armour.
  5617 | D:5      | 5617 ||| ENCHANTING +0 plate armour.
  5630 | D:5      | 5630 ||| INVOKING Berserk.
  5630 | D:5      | HP: 22/91 [killer bee (8)]
  5633 | D:5      | HP: 10/91 [killer bee (7)]
  5634 | D:5      | HP: 2/91 [killer bee (7)]
  5634 | D:5      | Mangled by a killer bee

Levels and vault maps discovered:
D:1:      psy_arrival_dodecagon, layout_rooms,
          ebering_ecumenical_altar_petrified, chequers_serial_rivers_micro_c
D:2:      layout_loops_ring, serial_aquarium, aquarium_bridge_square
          [aquarium_subvault_bridge, aquarium_subvault_wall,
          aquarium_subvault_wall, aquarium_subvault_wall],
          aquarium_window_corridor_2, aquarium_window_fake, aquarium_view_2e,
          aquarium_view_2c
D:3:      layout_loops_ring
D:4:      layout_loops_ring, minmay_temple_entry_drinking_statues,
          gup_sewer_entry_pipe, uniq_grinder
D:5:      layout_gridville, grunt_temple_overflow_order_and_chaos_2,
          yredelemnul_altar_generic, minmay_pentangle

Skill      XL: |  1  2  3  4  5  6  7 |
---------------+----------------------+-----
Axes           | 4 5 6 7 8 9 |  9.5
Fighting       | 4 5 |  5.1
Throwing       | 2 |  2.4
Armour         | 3 |  3.4
Dodging        | |  2.1

Action                   |  1- 3 |  4- 6 |  7- 9 || total
-------------------------+-------+-------+-------++-------
Melee: Hand axe          |   115 |   137 |    28 ||   280
       Headbutt          |    12 |    18 |     3 ||    33
       Punch             |     1 |     1 |     1 ||     3
Throw: Javelin           |       |    22 |     2 ||    24
Invok: Berserk           |     1 |     3 |     1 ||     5
       Trog's Hand       |       |     2 |       ||     2
  Use: Scroll            |     8 |     5 |     1 ||    14
Armor: Animal skin       |    15 |     9 |       ||    24
       Leather armour    |       |     5 |       ||     5
       Plate armour      |       |    11 |    16 ||    27
Dodge: Dodged            |    55 |    56 |    18 ||   129

Table legend:
 A = Non-vault XP
 B = Vault XP
 C = Vault XP percentage of total XP
 D = Non-vault monster count
 E = Vault monster count
 F = Vault count percentage of total count
                 A         B        C        D         E       F
            +---------+---------+-------+---------+---------+-------
      Total |    1158 |      29 |   2.4 |      95 |       8 |   7.8
            +---------+---------+-------+---------+---------+-------
        D:1 |      45 |       0 |   0.0 |      26 |       0 |   0.0
        D:2 |      49 |       0 |   0.0 |      20 |       0 |   0.0
        D:3 |     150 |       0 |   0.0 |      23 |       0 |   0.0
        D:4 |     246 |      10 |   3.9 |      18 |       5 |  21.7
        D:5 |     668 |      19 |   2.8 |       8 |       3 |  27.3
            +---------+---------+-------+---------+---------+-------
